[Event "FIDE World Cup"]
[Site "Tbilisi"]
[Date "2017.09.21"]
[Round "6.3"]
[White "Vachier Lagrave, Maxime"]
[Black "Aronian, Levon"]
[Result "1-0"]
[ECO "C84"]
[WhiteElo "2804"]
[BlackElo "2802"]
[Annotator "Sagar Shah"]
[PlyCount "127"]
[EventDate "2017.09.03"]
[EventType "k.o."]
[EventRounds "7"]
[EventCountry "GEO"]
[SourceTitle "CBM 181"]
[Source "ChessBase"]
[SourceDate "2017.11.10"]
[SourceVersion "1"]
[SourceVersionDate "2017.11.10"]
[SourceQuality "1"]
[TimeControl "1500+10"]

1. e4 e5 2. Nf3 Nc6 3. Bb5 a6 4. Ba4 Nf6 5. O-O Be7 6. d3 b5 7. Bb3 d6 8. a3 O-O 9. Nc3 Bg4 10. Be3 Nd4 11. Bxd4 exd4 12. Nd5 Nxd5 13. Bxd5 Rc8 {[%emt 0:00:02] The players repeat all
their moves from the second classical game of yesterday.} 14. Bc6 $5 {[%emt 0:
00:02] This move was played by Alina Kaslinskaya and this move is in my
opinion the only way in which White can deviate from what happened yesterday
and not be dead equal.} Bf6 15. a4 Bd7 (15... Rb8 {is also possible.}) 16. Bxd7 Qxd7 17. Qd2 Qc6 18. b3 {[%emt 0:
01:39] I think Maxime has analysed this position in great depth, not move by
move, but by understanding the plans in the position. He realizes that his
knight is much more flexible and will use his kingside pawns to storm Black's
kingside. But first he must stabilise the queenside.} Rfe8 19.
Rfe1 Qc5 20. g4 $5 {[%emt 0:02:17] The start
of a nice kingside pawn offensive.} b4 21. Re2 c6 22. Rae1 g6 23. h4 Re6
24. Kg2 Rce8 25. Ng5 R6e7 26. f4 {[%emt 0:00:14] White is just building up the pressure.}
a5 27. Nf3 $6 (27. Kh1 $14 {Getting ready to
transfer the rook to the h-file and later play h5 was much better.}) 27... h5
$1 ({If Black makes a wasted move White's idea is} 27... Kh8
28. h5 $1 gxh5 29. g5 $16) 28. g5 Bg7 29. Rf1 Qa7 30. Qe1 c5 $6 {[%emt 0:
01:55] This is a crucial waste of time.} (30... Qd7 $1 31. Qg3 d5 32. e5 c5 $11
) (30... d5 $1 31. e5 Qd7 32. Qg3 c5 $11) 31. Qg3 Qd7 32. Qh3 $1 {[%emt 0:00:24] Now there is no ...d5.} Qc6 (32... Qxh3+ 33. Kxh3 {White will break through with f5 at
some point which will give him the advantage.} d5 34. Nd2 $16) 33. f5 Ra7 (33... d5 $1 34. Nd2 dxe4 35. Nxe4 c4 $1 36. bxc4
Rxe4 37. Rxe4 Rxe4 38. dxe4 Qxe4+ 39. Qf3 Qxc2+ 40. Rf2 Qxc4 $13) 34. Nd2 Rc7 35. Qf3 Ra7 36. Rfe1 Qc7 37. Nc4 Be5 38. Rf1 Qd8 39. Ref2 Bg7 40. Qf4 Rd7 41. Kg1 Kh7 42. Qg3 Kg8 43. Rf3 d5 44. exd5 Rxd5 45. f6 Bf8 46. Re1 Rxe1+ 47. Qxe1 Bd6 48. Qe4 Bc7 49. Rf2 Qd7 50. Re2 Kh7 51. Qg2 $6 (51. Qf3) 51... Qf5 52. Re4 Rd7 53. Qf1 $1 Qd5 54. Qf3 Qb7 55. Kg2 Qc8 56. Qe2 Qb7 57. Kg1 Qd5 58. Ne5 Bxe5 59. Rxe5 Qd6 60. Kg2 Rd8 61. Qe4 Rd7 62. Re7 Qc7 63. Kh3 Qc8 64. Qe6 {[%emt 0:00:20] An excellent game by Maxime Vachier Lagrave} 1-0

[Event "FIDE World Cup"]
[Site "Tbilisi"]
[Date "2017.09.21"]
[Round "6.5"]
[White "So, Wesley"]
[Black "Ding, Liren"]
[Result "0-1"]
[ECO "D78"]
[WhiteElo "2792"]
[BlackElo "2771"]
[Annotator "Sagar Shah"]
[PlyCount "138"]
[EventDate "2017.09.03"]
[EventType "k.o."]
[EventRounds "7"]
[EventCountry "GEO"]
[SourceTitle "CBM 181"]
[Source "ChessBase"]
[SourceDate "2017.11.10"]
[SourceVersion "1"]
[SourceVersionDate "2017.11.10"]
[SourceQuality "1"]
[TimeControl "600+10"]

1. Nf3 d5 2. g3 g6 3. Bg2 Bg7 4. d4 Nf6 5. c4 c6 6. O-O O-O 7. Nbd2 a5 8. b3 a4 9. Bb2 Bf5 10. e3 Nbd7 11. Qe2 Ne4 12. Nxe4 Bxe4 13. cxd5 cxd5 14. Qb5 {[%emt 0:00:04] This position
has been reached four times before and has been played by strong players like
Berkes and Nikolic.} Ra5 15. Qxb7 Nc5 16. Qb4 (16. dxc5 $1 Bxb2 17. b4 $1 Ra8 (17...
Bxa1 18. bxa5 $18) 18. Nd4 $14) 16... Nd3 17. Qd2 Rb5 $6 (17... axb3 $1 18. axb3 Rb5 $11 {Ding Liren said
he saw this but didn't like that White could defend b3 with Ra3.}) 18. Bc3 $1 axb3 19. Ng5 $1 {[%emt 0:00:24] This was
missed by Ding Liren.} b2 (19... Bxg2 20. Kxg2 $18) 20. Rab1 {
[%emt 0:00:11] At this point it seemed as White is just winning as the knight
on d3 is trapped. But Ding Liren finds the best practical try.} Nxf2 $1 21. Qxf2 Bxb1 22. Rxb1 e5 23. Nh3 $6 {[%emt 0:01:43] This is passive.
Wesley played this and offered a draw. Ding Liren thought for a bit, saw that
he has easy moves to make and more time on the clock and hence went ahead and
declined the draw offer.} (23. Nf3 $14) 23... exd4 24. exd4 (24. Bxd4 Bxd4 25. exd4 Qc7 $17) 24... Qc7 25.
Qd2 Rfb8 26. Nf4 Qc4 27. Bxd5 {[%emt 0:00:22] Finally the pressure became too much
for Wesley to handle and he sacrifices two pieces for a rook.} Rxd5 28. Nxd5 Qxd5 29. Rxb2 Rc8 {[%emt 0:00:03] Threatening Rxc3.} 30. Rb3 h5 {
[%emt 0:00:05] Even though Black is a pawn down, he is in a completely
dominating position.} 31. Bb2 Kh7 32. h3 Qe4 33. Qd3 $2 Qe1+ $6 (33... Bxd4+ $1 34. Bxd4 (34. Qxd4 Rc1+ 35. Kf2 Rc2+ $19) 34...
Rc1+ 35. Kf2 Rc2+ 36. Qxc2 Qxc2+ $19) 34. Qf1 Qd2 35. Qf2 Qd1+ 36. Qf1 Bxd4+ 37. Bxd4 Qxd4+ {[%emt 0:00:02] Black
has won back the pawn and the white king is pretty weak. Ding Liren doesn't
miss this opportunity.} 38. Kh1 Qd5+ 39. Rf3 (39. Qg2 $1 {Wesley was not in the best defensive mood. This
would have been a stauncher defence.} Rc1+ 40. Kh2 $17) 39... Rc3 40. Kg2 Qc6 41. h4 Kg8 (41... Rc2+ 42. Kg1 Rc1 $19 {would have won the queen, but
gives up the f7-pawn. So Black tries to win the queen when he can somehow
retain all his pawns.}) 42. a4 f6 43. a5 Kg7 44. a6 Rc2+ 45. Kg1 (45. Kh3 Qe6+ $19) 45... Rc1 46.
Rxf6 Rxf1+ 47. Rxf1 Qxa6 48. Kg2 (48. Rf4 {was better. But even this
should not hold.}) 48... Qe2+ 49. Rf2 Qe4+ 50. Kh2 g5 51. hxg5 h4 52. Rf4 Qe2+ 53.
Kh3 hxg3 54. Kxg3 Kg6 55. Rf2 Qe3+ 56. Kg2 Kxg5 {[%emt 0:00:03] All the pawns have been removed from the
board. It's just queen verus rook. Ding Liren shows good techinque.} 57. Rf3 Qe2+ 58. Kg3 Qe1+ 59. Kg2 Kg4 60. Rf2 Qe4+ 61. Kh2 Kh4 62. Ra2 Qe5+ 63. Kg1 Qd4+ 64. Kh2 Qd6+ 65. Kg1 Qc5+ 66. Kh2 Qc7+ 67. Kg1 Qb6+ 68. Kg2 Qb7+ 69. Kh2 Qb8+ {[%emt 0:00:01] This zigzg movement has
cost White the full rook.} 0-1

[Event "FIDE World Cup"]
[Site "Tbilisi"]
[Date "2017.09.25"]
[Round "7.3"]
[White "Aronian, Levon"]
[Black "Ding, Liren"]
[Result "1/2-1/2"]
[ECO "A13"]
[WhiteElo "2802"]
[BlackElo "2771"]
[Annotator "Sagar Shah"]
[PlyCount "61"]
[EventDate "2017.09.03"]
[EventType "k.o."]
[EventRounds "7"]
[EventCountry "GEO"]
[SourceTitle "CBM 181"]
[Source "ChessBase"]
[SourceDate "2017.11.10"]
[SourceVersion "1"]
[SourceVersionDate "2017.11.10"]
[SourceQuality "1"]
[TimeControl "40/5400+30:1800+30"]

1. c4 Nf6 2. Nf3 {[%emt 0:00:00] This time
Aronian chooses a less direct way to meet Ding Liren's solid opening setup.} (
2. Nc3 e6 3. e4 {is what Aronian played in the first game of the finals.}) 2...
e6 3. g3 d5 4. Bg2 dxc4 (4... Be7 5. O-O O-O 6. d4 {It could have been
possible to transpose the game into the line that was played in game two with
colours exchanged, but Ding Liren prefers to go for something that Aronian has
comparatively less experience in.}) 5. Qa4+ Bd7 6. Qxc4 c5 {[%emt 0:00:07] This was the same line that
was played between Ivanchuk and Aronian. Levon had played this with the black
pieces in that game, not tries it with White. This is something to learn from
the top players. They like certain openings, but are not always attached to
them. If they find a good idea, they can play it with either colour.} 7. Ne5 Qc8 {[%emt 0:00:05] Black's idea in this line is to aim for
rapid development and space in the centre. In the process he loses his light
squared bishop, but he hopes to base his play on the dark squares and make the
bishop on g2 shoot in darkness.} 8. Qd3 $5 {[%emt 0:00:05] This is a move that
I had not seen before. But it is still not a novelty. It has been played by
many top players like Grischuk, Yu Yangyi and a few others.} ({The main line
goes} 8. Nc3 Nc6 9. Nxd7 Qxd7 10. O-O Rc8 $11 {with a dynamically balanced
position.}) 8... Nc6 (8... Bc6 {This is not so great as after}
9. Nxc6 Nxc6 10. Qb5 {White is able to ruin Blacks structure.}) 9. Nxd7 {
[%emt 0:00:06] And this is one of the main ideas of Qd3. The knight cannot be
recaptured by the queen. It will have to be taken by the knight which to some
extent ruins Black's co-ordination.} Nxd7 (9... Qxd7 $6 10.
Qxd7+ Kxd7 11. Nc3 Rc8 12. O-O $14 {White has the bishop pair in this position
and this gives him a small edge for sure.}) 10. Qb3 {[%emt 0:00:05] This is
Aronian's new idea. He is aiming for something similar to ...Qb5, but just
that the queen is not in danger of being kicked away with moves like a6. But
in general I do not think too highly of Aronian's idea. It is just a move that
he made. Qa4-c4-d3-b3 is not going to give you an opening advantage.} (10. Qb5
{has been seen before.} Nde5 11. f4 a6 12. Qa4 Nd7 (12... b5 13. Qe4 f5 14. Qe3
Nc4 $11) 13. Bxc6 bxc6 14. Na3 $14 {1-0 (72) Grischuk,A (2737)-Wojtaszek,R 
(2749) Doha 2016}) 10... Be7 (10... Nd4 $5 {This looks like
an interesting option.} 11. Qa4 $13 (11. Qxb7 $6 Qxb7 12. Bxb7 Rb8 13. Be4 f5
14. Bd3 (14. e3 fxe4 15. exd4 cxd4 $17) 14... c4 15. e3 Ne5 $1 16. Be4 fxe4 17.
exd4 Nf3+ $15 (17... Nd3+ $15)) 11... Be7 12. Nc3 O-O 13. O-O Nb6 14. Qd1 Rd8
$11 {1-0 (58) Pantsulaia,L (2585)-Wagner,D (2563) Abu Dhabi 2017. This game
was reached with the move order Qb5 Nd4 instead of Qb3 Nd4.}) 11. Nc3 O-O 12. O-O Rd8 $6 (
12... Nb6 {This is what Ding thought was better than what he did in the game.}
13. d3 Qd7 $11) 13. d3 Nb6 {[%emt 0:05:28] Somehow the game
looks a bit like the second one where Aronian's knight also moved from
f6-d7-b6 and the rook came to d8.} 14. Be3 Nd4 (14... c4 $5 15. dxc4 Na5 16. Qc2 Naxc4 17. Bf4 $14) 15. Bxd4 Rxd4 (15... cxd4 16. Nb5 $14 {Followed by Rac1 or threats
like Nxa7 give White a pleasant edge.}) 16. Rfc1 Rd7 $1 {
[%emt 0:10:41] A strong defensive move. Once the rook is back, the knight can
come to d5.} (16... c4 {was a possibility, but Ding was afraid of Nb5.} 17. Nb5
(17. dxc4 Rxc4 18. Rc2 $14) 17... cxb3 (17... Rxd3 $5 18. Rxc4 Rxb3 19. Rxc8+
Rxc8 20. axb3 $14) 18. Rxc8+ Rxc8 19. Nxd4 Bf6 20. Nxb3 Rc2 $132) (16... Qd7 {
This was Ding Liren's original intention, but he was afraid of something like}
17. a3 $14 {[%cal Gc3b5,Gb5a7] followed by Nb5-a7.}) 17. a4 Qd8 (17... c4 $5 $11) 18. a5 Nd5 19. Nxd5 exd5 20. d4 $1 cxd4 (20... c4 21. Qa4 $14 {Somehow with the pawns on d5 and
c4 and the bishop sitting on g2, it seems to me that White is better.}) 21. Rc2
$6 {[%emt 0:05:05] This is the move that both Aronian and Ding Liren thought
was inaccurate after the game.} (21. Bh3 $1 Rc7 22. Rxc7 Qxc7 23. Bg2 $1 {
White can definitely claim a small edge here.} (23. Qxd5 $6 Rd8 24. Qb3 d3 25.
exd3 Bc5 $44) 23... Bf6 24. Bxd5 Re8 25. Bf3 $14 {White has a small edge here,
but nothing substantial. A few accurate moves by Black and the position should
be drawn.}) 21... g6 22. Bh3 Rc7 23. Rac1 (23. Rxc7 Qxc7 24. Bg2 Bf6 25. Bxd5 Re8 26. Bf3
$14) 23... Rxc2 24. Rxc2 b6 {[%emt 0:01:07]
This is the human way to play.} ({A very interesting variation takes place
after} 24... Qxa5 25. Qxb7 Rf8 $1 (25... Qd8 $2 26. Rc7 (26. Bc8 $18) 26... Rb8
27. Qxa7) 26. Qxe7 Qe1+ 27. Kg2 d3 $1 {This variation is not easy for a human
to see.} 28. Rc8 Rxc8 29. Bxc8 d2 $11 {And White has to accept the perpetual.})
(24... a6) 25. Bg2 $14 (25. a6 Bc5 $11) 25... Rc8 26. Rxc8 Qxc8 27. Bxd5 (27. axb6 axb6 28. Qxb6 Qc1+ 29. Bf1 Qc4 $14 {was a possible variation.}) 27...
Qf5 $1 {[%emt 0:00:07] After this move Ding was confidently of holding the
game.} 28. Qc4 bxa5 {[%emt 0:03:03] Ding made this move ...
bxa5 and after three minutes when Aronian was thinking he offered a draw in
his opponent's time. Of course this is incorrect. He should have offered it in
his own time.} 29. b3 d3 (29... Bd8 30. Qxd4
Bb6 31. e4 Bxd4 32. exf5 gxf5 $11) 30. exd3 (30. e4 Qf6 31.
Qxd3 Bc5 $11) 30... Bd8 31. Qe4 {[%emt 0:02:33] This time
Aronian offered the draw correctly after making his move, before pressing his
clock and the players agreed to split the point and take the match into the
final classical game.} 1/2-1/2

[Event "FIDE World Cup"]
[Site "Tbilisi"]
[Date "2017.09.27"]
[Round "7.6"]
[White "Ding, Liren"]
[Black "Aronian, Levon"]
[Result "0-1"]
[ECO "D38"]
[WhiteElo "2771"]
[BlackElo "2802"]
[Annotator "Sagar Shah"]
[PlyCount "66"]
[EventDate "2017.09.03"]
[EventType "k.o."]
[EventRounds "7"]
[EventCountry "GEO"]
[SourceTitle "CBM 181"]
[Source "ChessBase"]
[SourceDate "2017.11.10"]
[SourceVersion "1"]
[SourceVersionDate "2017.11.10"]
[SourceQuality "1"]
[TimeControl "1500+10"]

1. d4 Nf6 2. c4 e6 3. Nf3 d5 4. Nc3 Bb4 5. cxd5 exd5 6. Bf4 c6 7. e3 Bf5 8. Be2 O-O 9. O-O Be7 {
[%emt 0:00:03] After this move Ding was out of his preparation as he said
after the game.} 10. Nh4 Bg6 11. Nxg6 hxg6 12. Qb3 Qb6 13. Qc2 (13. Qxb6 axb6 14. a4 $5 $14) 13... a5 14. g4 $5 {[%emt 0:00:45] This move is doubled edged. It gains space
and has some aggresive intentions but Black is very solid and can defend
without too much trouble.} Nbd7 15. g5 Ne8 16. e4 {[%emt 0:00:02] Something seems to be wrong with
White's play . He first pushed the pawn in front of his king and later broke
in the centre. That's what a must win game can do to you.} dxe4 17. Nxe4 (17. d5 $5 Qd8 18. Rad1 $13 Bxg5 19. Bg3 $44) 17...
Qd8 18. h4 Nb6 19. Be5 Nd5 {[%emt 0:00:59] Over the last few moves Black has
consolidated his position, but White has been able to create an imbalance
which helps him continue to play ambitiously.} 20. Bg4 Kh8 $6 (20... Nef6 $1 21. gxf6 gxf6 22. Bh2 f5 23. Bxf5 gxf5 24. Nc3
$13) (20... Nd6 21. Nc5 $14) 21. Rae1 $1 {[%emt 0:01:29] White is not just
better. He has all his pieces well placed and we can hope that he could have
taken advantage of it. But it was not to be.} Nef6 $5 {[%emt 0:04:31] This
move is a little too late. White has a way to keep his advantage.} (21... f5
22. gxf6 gxf6 23. Ng5 fxe5 24. Ne6 Qd7 25. Qxg6 $18) 22. gxf6 gxf6 23. Bh2 (23. Bg3 f5 24. Bxf5 gxf5 25.
Nc3 $1 $16 (25. Qd1 {Ding wanted to play this during the game. This move is
also very strong.})) 23... f5 24. Bxf5 gxf5 25. Qd1 (25. Nc3 Bd6 26. Bxd6 Qxd6 27. Qxf5
$13) 25... Rg8+ 26. Kh1 Rg4 $1 {[%emt 0:00:
32] This move was missed by Ding Liren.} 27. Ng3 Rxh4 28. Nxf5 Rh7 29. Nxe7 Nxe7 30. Re5 {[%emt 0:00:01] Ding would like
to exchange his rooks via h5, but Levon's next move stops that.} Nf5 $1 (30... Qd6 $1 $15) 31. Rfe1 (31. Qg4 Qh4 32.
Qxh4 Nxh4 $15) 31... Qh4 32. Re8+ Kg7 $1 (32... Rxe8 33. Rxe8+ Kg7 34. Qg1+ Kf6 $19 {also would have
won, but what Levon does is much better.}) 33. Rg1+ Kf6 {
[%emt 0:00:01] A historic game. This gave us the new World Cup champion - the
first man in the history of the game to have won the World Cup twice.} 0-1